 Dungeon Crawl Stone Soup version 0.31-a0-1612-g4aaf141004 (webtiles) character file.

Game seed: 14921515342082134293

300319 rlybad the Warrior (level 19, -3/162 (167) HPs)
             Began as a Demonspawn Monk on Jan 8, 2024.
             Was a High Priest of Trog.
             Killed from afar by a laughing skull (18 damage)
             ... with a bolt of negative energy
             ... summoned by a curse skull
             ... on level 2 of the Vaults on Jan 9, 2024.
             The game lasted 03:12:24 (49366 turns).

rlybad the Warrior (Demonspawn Monk)               Turns: 49366, Time: 03:12:25

HP:   -3/162 (167)  AC: 40    Str: 24    XL:     19   Next: 75%
MP:   0/6           EV: 16    Int: 10    God:    Trog [*****.]
Gold: 1262          SH: 13    Dex: 12    Spells: 18/18 levels left

rFire   + . .        w - +3 demon trident (antimagic)
rCold   + . .        H - +0 kite shield {reflect}
rNeg    . . .        E - +8 plate armour "Faidghu" {rF+ Str+7 Dex-5 SInv}
rPois   .            h - +1 helmet
rElec   .            (cloak unavailable)
rCorr   .            r - +1 Delatra's gloves {ID++}
SInv    +            P - +1 pair of boots {rampage}
Will    +....        m - amulet of faith Stlth
                     X - +4 ring of protection
HPRegen 0.47/turn    F - +5 ring of evasion
MPRegen 0.20/turn

%: reflection, guardian spirit, rampage, faith
@: flayed, lightly drained
A: icy blue scales 3, foul stench 2, magic shield, magic regeneration, magic
link, corrupting presence 2, weakness stinger 3, talons 1, clumsy 1
}: 3/15 runes: barnacled, abyssal, gossamer
a: Renounce Religion, Berserk, Trog's Hand, Brothers in Arms


You were on level 2 of the Vaults.
You worshipped Trog.
Trog was extremely pleased with you.
You visited 7 branches of the dungeon, and saw 33 of its levels.
You visited the Abyss 1 time.

You collected 3826 gold pieces.
You spent 2564 gold pieces at shops.

Inventory:

Hand Weapons
 w - a +3 antimagic demon trident (weapon)
Missiles
 i - 17 curare-tipped darts (quivered)
 j - 5 silver javelins
 y - 20 javelins
 V - 3 throwing nets
Armour
 h - a +1 helmet (worn)
 r - the +1 Delatra's gloves (worn) {ID++}
   (You found it on level 3 of the Dungeon)

   ID++:      It heals its wearer when they drink unknown potions, and restores
   their MP when they read unknown scrolls.
 E - the +8 plate armour "Faidghu" (worn) {rF+ Str+7 Dex-5 SInv}
   (You bought it in a shop on level 2 of the Orcish Mines)

   Str+7:     It affects your strength (+7).
   Dex-5:     It affects your dexterity (-5).
   rF+:       It protects you from fire.
   SInv:      It lets you see invisible.
 H - a +0 kite shield of reflection (worn)
 P - a +1 pair of boots of rampaging (worn)
Jewellery
 m - an amulet of faith (around neck)
 n - a ring of positive energy
 A - a ring of resist corrosion
 B - a ring of protection from fire
 F - a +5 ring of evasion (right hand)
 L - the ring of the Scavenger {rPois Str+4}
   (You found it on level 1 of the Shoals)

   [ring of poison resistance]

   Str+4:     It affects your strength (+4).
   rPois:     It protects you from poison
 R - a ring of positive energy
 S - a ring of flight
 X - a +4 ring of protection (left hand)
Wands
 d - a wand of quicksilver (13)
 C - a wand of roots (34)
 D - a wand of flame (30)
 I - a wand of mindburst (21)
 J - a wand of paralysis (14)
 M - a wand of digging (3)
Scrolls
 a - a scroll of fear
 c - 9 scrolls of identify
 e - 5 scrolls of fog
 f - 3 scrolls of revelation
 g - 3 scrolls of vulnerability
 k - 3 scrolls of teleportation
 o - 2 scrolls of blinking
 u - 3 scrolls of butterflies
 x - 7 scrolls of enchant weapon
 G - 3 scrolls of silence
 N - 4 scrolls of torment
 W - 5 scrolls of enchant armour
 Y - 2 scrolls of poison
 Z - 2 scrolls of immolation
Potions
 b - a potion of berserk rage
 l - 7 potions of haste
 p - 7 potions of attraction
 q - 5 potions of resistance
 s - 8 potions of curing
 t - 9 potions of mutation
 v - 3 potions of might
 z - 3 potions of lignification
 K - 5 potions of ambrosia
 O - 6 potions of magic
 Q - 2 potions of heal wounds
 T - 9 potions of cancellation
Miscellaneous
 U - a phial of floods


   Skills:
 + Level 19.4 Fighting
 - Level 14.0 Polearms
 + Level 6.2 Throwing
 + Level 13.6 Armour
 + Level 11.4 Dodging
 + Level 16.2 Shields
 - Level 10.0 Evocations


You had 18 spell levels left.
You didn't know any spells.
Your spell library contained the following spells:

 Spells                   Type           Power      Damage    Failure   Level
 Summon Small Mammal      Summ           0%         N/A       99%         1
 Call Canine Familiar     Summ           0%         N/A       100%        3
 Summon Blazeheart Golem  Fire/Summ      0%         N/A       100%        4


Dungeon Overview and Level Annotations

Branches:
Dungeon (15/15)            Temple (1/1) D:7            Lair (5/5) D:10
 Shoals (4/4) Lair:3       Spider (4/4) Lair:3        Slime (0/5) Lair:4
    Orc (2/2) D:10            Elf (0/3) Orc:2        Vaults (2/5) D:13
 Depths (0/4) D:15
  Crypt: Vaults:2-3

Altars:
Ashenzari
Cheibriados
Dithmenos
Fedhas
Gozag
Hepliaklqana
Kikubaaqudgha
Makhleb
Nemelex Xobeh
Okawaru
Qazlal
Ru
Sif Muna
Trog
Uskayaw
Vehumet
Wu Jian
Xom
Yredelemnul
Jiyva

Shops:
D:2 =   D:6 (=!*   D:9 (   D:10 [   Orc:2 [*(?   Shoals:4 (

Portals:
Trove: D:15 (give 7 scrolls of fear)

Annotations:
D:5 2 runed translucent doors
D:13 2 transporters, Dahifo's ghost, journeyman TrMo
Lair:1 exclusion: oklob plant
Vaults:1 Yjimoseergh's ghost, adept SpFE


Innate Abilities, Weirdness & Mutations

You are completely covered in icy blue scales. (AC +4, rC+)
You sometimes emit foul miasma when damaged in melee.
When hurt, damage is shared between your health and your magic reserves.
You regenerate magic rapidly.
When low on magic, you restore magic in place of health.
Your presence sometimes corrodes or deforms those you injure.
You have a sharp stinger which inflicts weakening toxins.
You have sharp toenails.
You are clumsy. (Dex -2)


Message History

The laughing skull headbutts you but does no damage.
You hear a shout!
You hit the curse skull but do no damage.
The curse skull is heavily damaged.
The curse skull calls on the powers of darkness!
The vault sentinel convulses!
Your body is wracked with pain!
* * * LOW HITPOINT WARNING * * *
The ironbound frostheart convulses!
The laughing skull headbutts you but does no damage.
Press: ? - help, v - describe, . - travel
Here: a laughing skull (summoned)
An open door.
Press: ? - help, v - describe, . - travel
Here: a curse skull (heavily damaged)
An open door, spattered with blood.
You hit the curse skull.
The curse skull's magic leaks into the air.
You tail-slap the curse skull, but do no damage.
The curse skull is heavily damaged.
The flayed ghost cries, "Suffer as I suffered!"
Terrible wounds spread across more of your body!
* * * LOW HITPOINT WARNING * * *
The shadow completely misses you.
The vampire gestures at you while chanting.
You resist with almost no effort. The laughing skull headbutts you!
* * * LOW HITPOINT WARNING * * *
Blink to where?
Press: ? - help, Dir - move target
As you read the scroll of blinking, it crumbles to dust.
The curse skull's magic is no longer disrupted.
The curse skull calls on the powers of darkness!
The vault sentinel convulses!
Your body is wracked with pain!
* * * LOW HITPOINT WARNING * * *
You block the laughing skull's attack.
Okay, then.
Your deep troll goes berserk!
The laughing skull gibbers with scorn.
The bolt of negative energy hits you!!
You feel drained.
You die...
The laughing skull crumbles to pieces from sheer joy.

<.#...#...# #....#.#.#....#.#
..#.......# ######.#.###'##.###
..######### #......#......#...#
..# #########'#######'####...#
''## #......'....!.#Wp..[.).###
...# #......######VpW######.###
...# #......'..[)#z#.#....#...#
...# #......####.'.#.'"##'#...#
...# #..>...#.@#.#.#.#.#..#.###
...# #......##Tz.#.#.#.#.##.###
...######'##########'########...#
...#........# .T. #...#
...'......^.# ... #.###
...'........# ..). #.###
####........# ..! #...# ##
#........# #...# .###........#
#.###


You could see a laughing skull (summoned, ally target) and a friendly deep troll
(summoned, berserk).

Vanquished Creatures
  Bai Suzhen (Shoals:4)
  A profane servitor (Abyss:3)
  Arachne (Spider:4)
  3 tentacled monstrosities (Vaults:1)
  Jorgrun (D:12)
  Asterion (Spider:1)
  A sphinx (Vaults:2)
  Polyphemus (Shoals:3)
  Frances (Spider:2)
  Kirke (D:14)
  Roxanne (Spider:2)
  Agnes (D:14)
  Donald (Lair:3)
  Aizul (Spider:1)
  4 vault wardens
  6 emperor scorpions
  An orc warlord (Vaults:1)
  3 cacodemons (Vaults:1)
  4 ghost moths
  A ghoul (Vaults:2)
  3 broodmothers
  7 ironbound preservers
  The ghost of Samm the Warrior, a journeyman MiMo of Okawaru (D:14)
  A formless jellyfish (Vaults:1)
  7 very ugly things (Vaults:1)
  4 ironbound thunderhulks
  4 spark wasps
  8 dire elephants
  Snorg (D:12)
  A crystal guardian (Vaults:1)
  An ettin (D:15)
  4 merfolk javelineers
  Josephine (D:12)
  4 merfolk impalers
  5 entropy weavers
  An entropy weaver (shapeshifter) (Vaults:1)
  3 yaktaur captains (Vaults:1)
  2 catoblepae
  3 hydras
  5 vault guards
  Fannar (D:12)
  2 peacekeepers
  2 ironbound frosthearts (Vaults:2)
  4 radroaches
  2 death knights (D:14)
  2 jorogumos
  5 alligator snapping turtles
  16 centaur warriors
  10 boulder beetles
  3 two-headed ogres
  3 alligators
  A merfolk aquamancer (Shoals:4)
  4 merfolk avatars
  2 satyrs (Shoals:4)
  3 death yaks (Shoals:3)
  11 demonic crawlers
  2 tengu warriors (D:15)
  A hell knight (D:15)
  A shock serpent (shapeshifter) (Vaults:1)
  Sonja (Orc:2)
  6 skysharks
  A wretched star (Abyss:3)
  A large abomination (Abyss:3)
  4 skeletal warriors
  4 pharaoh ants
  Lodul (D:12)
  A goliath frog (Shoals:4)
  5 arcanists
  13 sea snakes
  2 glowing orange brains (Vaults:1)
  21 deep trolls
  5 orb spiders
  5 orc knights
  8 lindwurms
  A swamp dragon (shapeshifter) (Vaults:1)
  A necromancer (D:13)
  17 harpies
  5 steelbarb worms
  7 ironbound convokers
  28 wolf spiders
  2 harpies (shapeshifter) (Vaults:1)
  3 orc sorcerers
  15 manticores
  14 fauns
  5 merfolk sirens
  A worldbinder (Abyss:3)
  17 ugly things
  10 cyclopes
  Maurice (D:7)
  2 kobold blastminers (Orc:2)
  19 elephants
  A moth of wrath (Spider:4)
  7 vault sentinels
  A guardian serpent (shapeshifter) (Vaults:1)
  Joseph (D:7)
  5 water nymphs
  3 gargoyles
  3 black mambas
  4 rust devils (D:12)
  Maggie (Lair:1)
  16 cane toads
  A smoke demon (D:13)
  2 torpor snails
  2 unseen horrors
  A yaktaur zombie (Vaults:1)
  A cane toad (shapeshifter) (Abyss:3)
  A rime drake (Lair:5)
  A tengu conjurer (D:15)
  Psyche (D:11)
  9 yaktaurs
  An ice devil (D:13)
  3 freezing wraiths
  14 komodo dragons
  28 merfolk
  2 polar bears
  A hellwing (Abyss:3)
  4 trolls
  11 wind drakes
  Prince Ribbit (D:7)
  5 hornets
  An elf simulacrum (Vaults:1)
  20 tarantellas
  19 dream sheep
  17 blink frogs
  9 snapping turtles
  A dream sheep (shapeshifter) (Vaults:1)
  26 culicivoras
  5 slime creatures
  Sigmund (D:3)
  6 wyverns
  A vampire (D:14)
  21 jumping spiders
  A shadow (D:10)
  49 yaks
  6 wraiths (D:12)
  Eustachio (D:9)
  A hog (shapeshifter) (Vaults:1)
  18 humans (D:13)
  11 water elementals
  4 wargs
  3 hogs
  4 vampire mosquitoes (D:13)
  2 basilisks (shapeshifter)
  2 basilisks
  2 steam dragons
  54 redbacks
  A chaos spawn (Abyss:3)
  Menkaure (D:6)
  4 acid dragons
  12 water moccasins
  2 ice beasts (D:5)
  A swamp drake (D:10)
  27 orc warriors
  A black bear (D:8)
  A sky beast (D:6)
  10 ogres
  A starcursed mass (Spider:2)
  12 wolves (Lair:4)
  A human skeleton (Vaults:1)
  A tengu (shapeshifter) (D:14)
  15 centaurs
  2 phantoms (D:5)
  A kobold brigand (D:6)
  11 bullfrogs
  A brain worm (shapeshifter) (D:13)
  3 gnoll sergeants
  A scorpion (D:5)
  17 wights
  23 killer bees
  9 howler monkeys
  2 electric eels (D:15)
  4 jellies (Lair:4)
  4 hounds
  A bombardier beetle (D:3)
  13 orc priests
  A gnoll bouda (D:9)
  Crazy Yiuf (D:6)
  3 iguanas
  16 orc wizards
  6 hell rats (Lair:3)
  10 adders
  9 gnolls
  2 white imps (D:5)
  An ufetubus (Abyss:3)
  3 dart slugs
  3 ribbon worms
  A ribbon worm (shapeshifter) (Vaults:1)
  68 orcs
  10 endoplasms
  3 giant cockroaches
  7 goblins
  5 hobgoblins
  4 quokkas
  6 ball pythons
  10 bats
  4 frilled lizards
  12 kobolds
  12 rats
  A lurking horror (Abyss:3)
  3 tentacles (Shoals:4)
1201 creatures vanquished.

Vanquished Creatures (collateral kills)
  A tentacled monstrosity (Vaults:1)
  An ironbound thunderhulk (Vaults:1)
  A deep troll (Vaults:1)
  An ironbound convoker (Vaults:1)
  A yaktaur (Vaults:1)
  A merfolk (Shoals:4)
  A snapping turtle (Shoals:4)
  A water elemental (Shoals:4)
  5 orc warriors (Orc:2)
  An orc wizard (Orc:2)
  2 orcs (Orc:2)
16 creatures vanquished.

Vanquished Creatures (others)
  An alligator (Shoals:4)
  A necromancer (Vaults:1)
  A merfolk siren (Shoals:2)
  A tarantella (Spider:4)
  A snapping turtle (Shoals:4)
  A human (D:15)
  An ufetubus (Abyss:3)
  3 starspawn tentacles (Abyss:3)
  34 tentacles (Shoals:4)
44 creatures vanquished.

Grand Total: 1261 creatures vanquished

Notes
Turn   | Place    | Note
-------+----------+-------------------------------------------
     0 | D:1      | rlybad the Demonspawn Monk began the quest for the Orb.
     0 | D:1      | Reached XP level 1. HP: 18/18 MP: 1/1
   225 | D:1      | Gained mutation: You are partially covered in icy blue
                  | scales. (AC +2) [demonic ancestry]
   225 | D:1      | Reached XP level 2. HP: 23/24 MP: 2/2
   353 | D:1      | Found a faded altar of an unknown god.
   557 | D:1      | Reached skill level 1 in Armour
   770 | D:1      | Reached XP level 3. HP: 29/29 MP: 3/3
   841 | D:2      | Found Kockejey's Jewellery Emporium.
  1389 | D:2      | Gained mutation: You have a small tail. [demonic ancestry]
  1389 | D:2      | Reached XP level 4. HP: 37/37 MP: 4/4
  2042 | D:3      | Found an opulent altar of Gozag.
  2072 | D:3      | Found a broken altar of Ashenzari.
  2092 | D:3      | Reached skill level 4 in Fighting
  2161 | D:3      | Found the +1 Delatra's gloves {ID++}
  2196 | D:3      | Noticed Sigmund
  2266 | D:3      | Found a radiant altar of Vehumet.
  2626 | D:3      | Found an ancient bone altar of Kikubaaqudgha.
  2861 | D:3      | Gained mutation: You have large cloven feet. [potion of
                  | mutation]
  2861 | D:3      | Gained mutation: You expend magic power (3 MP) to
                  | strengthen your wands. [potion of mutation]
  2866 | D:3      | Killed Sigmund
  2867 | D:3      | Gained mutation: You regenerate magic rapidly. [demonic
                  | ancestry]
  2867 | D:3      | Reached XP level 5. HP: 36/43 MP: 5/5
  2867 | D:3      | Gained mutation: You have a tail ending in a sharp stinger.
                  | [demonic ancestry]
  2867 | D:3      | Reached XP level 6. HP: 41/49 MP: 6/6
  3458 | D:4      | Found an ornate altar of the Wu Jian Council.
  3533 | D:4      | Reached skill level 5 in Fighting
  3875 | D:5      | Entered Level 5 of the Dungeon
  4133 | D:5      | Gained mutation: You have a sharp stinger which inflicts
                  | weakening toxins. [demonic ancestry]
  4133 | D:5      | Reached XP level 7. HP: 56/56 MP: 7/7
  4258 | D:5      | Reached skill level 5 in Polearms
  4290 | D:5      | Found a snail-covered altar of Cheibriados.
  4393 | D:5      | Found a large runed translucent door.
  4441 | D:5      | Found a large runed translucent door.
  4447 | D:5      | Found a shimmering altar of Xom.
  4713 | D:5      | Reached skill level 6 in Fighting
  5177 | D:6      | Found a bloodstained altar of Trog.
  5181 | D:6      | Became a worshipper of Trog the Wrathful
  5181 | D:6      | Reached * piety under Trog
  5181 | D:6      | Reached ** piety under Trog
  5201 | D:5      | Reached XP level 8. HP: 38/64 MP: 8/8
  5331 | D:5      | Reached skill level 5 in Armour
  5446 | D:6      | Noticed Menkaure
  5594 | D:6      | Found Zionkuok's Distillery.
  5605 | D:6      | Killed Menkaure
  5606 | D:6      | Reached skill level 7 in Fighting
  5607 | D:6      | Found Ziqel's General Store.
  5611 | D:6      | Found Wovyat's Antique Weapon Emporium.
  5707 | D:6      | Found Waetar Sulo's Jewellery Emporium.
  5728 | D:6      | Bought a scroll of noise for 13 gold pieces
  5728 | D:6      | Bought a scroll of identify for 26 gold pieces
  5737 | D:6      | Bought a runed trident for 156 gold pieces
  5751 | D:6      | Bought a potion of curing for 42 gold pieces
  5751 | D:6      | Bought a potion of degeneration for 14 gold pieces
  6228 | D:6      | Found a runed translucent door.
  6229 | D:6      | Noticed Crazy Yiuf
  6238 | D:6      | Killed Crazy Yiuf
  6346 | D:6      | Found an iron altar of Okawaru.
  6395 | D:7      | Noticed Prince Ribbit
  6419 | D:7      | Killed Prince Ribbit
  6420 | D:7      | Gained mutation: You are mostly covered in icy blue scales.
                  | (AC +3) [demonic ancestry]
  6420 | D:7      | Reached XP level 9. HP: 23/72 MP: 9/9
  6567 | D:7      | Found a staircase to the Ecumenical Temple.
  6581 | Temple   | Entered the Ecumenical Temple
  6628 | D:7      | Noticed Maurice
  6671 | D:7      | Noticed Joseph
  7016 | D:8      | Reached skill level 8 in Fighting
  7088 | D:8      | Identified the +9 flail of Rifotar {flame, Will+ Str+3}
  7589 | D:8      | Identified the +1 quarterstaff of Collusion {drain, rF+}
  7637 | D:8      | Reached *** piety under Trog
  7796 | D:8      | Found a hazy altar of Hepliaklqana.
  8040 | D:9      | Noticed Eustachio
  8234 | D:8      | Reached skill level 9 in Fighting
  8322 | D:9      | Gained mutation: You may rarely emit foul miasma when
                  | damaged in melee. [demonic ancestry]
  8322 | D:9      | Reached XP level 10. HP: 71/83 MP: 10/10
  8364 | D:9      | Killed Eustachio
  8427 | D:9      | Reached skill level 1 in Shields
  8657 | D:9      | Found Egeuh's Antique Weapon Emporium.
  9336 | D:7      | Killed Joseph
  9341 | D:7      | Killed Maurice
  9702 | D:7      | Reached **** piety under Trog
  9828 | D:6      | Bought a ring of poison resistance for 260 gold pieces
  9885 | D:10     | Entered Level 10 of the Dungeon
  9885 | D:10     | Found a staircase to the Lair.
 10191 | D:10     | Found a staircase to the Orcish Mines.
 10678 | D:10     | Identified the +11 dagger of the Rattlesnake {freeze,
                  | Int+3}
 10998 | D:10     | Found a shimmering blue altar of Sif Muna.
 11014 | D:10     | Gained mutation: When hurt, damage is shared between your
                  | health and your magic reserves. [demonic ancestry]
 11014 | D:10     | Reached XP level 11. HP: 90/90 MP: 11/11
 11167 | D:10     | Found Nulej's Antique Armour Shop.
 11171 | D:10     | Bought a pair of runed boots for 187 gold pieces
 11197 | D:11     | Noticed a two-headed ogre
 11205 | D:11     | Killed a two-headed ogre
 11206 | D:11     | Reached skill level 10 in Fighting
 11256 | D:11     | Noticed Psyche
 11278 | D:11     | Killed Psyche
 11279 | D:11     | Reached skill level 10 in Polearms
 11334 | D:11     | Noticed a green ugly thing
 11388 | Lair:1   | Entered Level 1 of the Lair of Beasts
 11901 | Lair:1   | Reached ***** piety under Trog
 11953 | Lair:1   | Noticed an oklob plant
 12052 | Lair:1   | Noticed Maggie
 12077 | Lair:1   | Killed Maggie
 12718 | Lair:2   | Reached skill level 5 in Shields
 13728 | Lair:3   | Noticed a lindwurm
 13744 | Lair:3   | Killed a lindwurm
 13832 | Lair:3   | Gained mutation: You are completely covered in icy blue
                  | scales. (AC +4, rC+) [demonic ancestry]
 13832 | Lair:3   | Reached XP level 12. HP: 94/99 MP: 12/12
 14083 | Lair:3   | Reached skill level 11 in Fighting
 14154 | Lair:3   | Found a staircase to the Shoals.
 14284 | Lair:3   | Noticed a catoblepas
 14308 | Lair:3   | Killed a catoblepas
 14556 | Lair:3   | Identified the +2 falchion of Massacring {heavy, Stlth+}
                  | (Trog gifted it to you on level 3 of the Lair of Beasts)
 14556 | Lair:3   | Received a gift from Trog
 14749 | Lair:3   | Found a hole to the Spider Nest.
 15406 | Lair:4   | Reached skill level 10 in Armour
 15945 | Lair:4   | Reached XP level 13. HP: 106/107 MP: 13/13
 15997 | Lair:4   | Reached skill level 12 in Fighting
 16632 | Lair:4   | Found a viscous altar of Jiyva.
 16633 | Lair:4   | Found a staircase to the Slime Pits.
 16803 | Lair:5   | Entered Level 5 of the Lair of Beasts
 17391 | Lair:5   | Received a gift from Trog
 17532 | Lair:5   | Reached skill level 13 in Fighting
 18321 | Lair:5   | Found the +8 trishula "Condemnation" {holy, anguish, *Noise
                  | Fly rN+}
 18335 | Lair:5   | Identified the +8 trident "Nuwnon" {flame, Str+5 Stlth+}
 18411 | Lair:5   | Reached XP level 14. HP: 118/118 MP: 14/14
 18894 | Orc:1    | Entered Level 1 of the Orcish Mines
 19064 | Orc:2    | Entered Level 2 of the Orcish Mines
 19068 | Orc:2    | Found a staircase to the Elven Halls.
 19113 | Orc:2    | Paralysed by an orc sorcerer for 3 turns
 19304 | Orc:2    | Received a gift from Trog
 19644 | Orc:2    | Noticed Sonja
 19660 | Orc:2    | Killed Sonja
 19661 | Orc:2    | Reached skill level 5 in Dodging
 20163 | Orc:2    | Found Koqathodd's Weapon Shop.
 20163 | Orc:2    | Found Zebian's Assorted Antiques.
 20165 | Orc:2    | Found Uhutit's Antique Armour Shoppe.
 20167 | Orc:2    | Found Keodaschoyd's Magic Scroll Boutique.
 21363 | D:11     | Received a gift from Trog
 21773 | D:11     | Reached skill level 10 in Shields
 22532 | D:12     | Reached skill level 14 in Fighting
 22961 | Orc:2    | Bought a pitted plate armour for 784 gold pieces
 22961 | Orc:2    | Identified the +8 plate armour "Faidghu" {rF+ Str+7 Dex-5
                  | SInv} (You bought it in a shop on level 2 of the Orcish
                  | Mines)
 23145 | D:12     | Noticed Fannar
 23150 | D:12     | Killed Fannar
 23182 | D:12     | Noticed Josephine
 23187 | D:12     | Noticed Lodul
 23295 | D:12     | Noticed Jorgrun
 23313 | D:12     | Killed Jorgrun
 23314 | D:12     | Reached skill level 1 in Evocations
 23576 | D:12     | Noticed Snorg
 23597 | D:12     | Killed Snorg
 23725 | D:12     | Killed Josephine
 24129 | D:12     | Killed Lodul
 24218 | D:13     | Found a transporter.
 24221 | D:13     | Noticed Dahifo's ghost (journeyman TrMo)
 24223 | D:13     | Found a transporter.
 24231 | D:13     | Noticed a stone giant
 24683 | D:13     | Gained mutation: Your presence sometimes corrodes those you
                  | injure. [demonic ancestry]
 24683 | D:13     | Reached XP level 15. HP: 127/127 MP: 5/15
 24756 | D:13     | Found a gate to the Vaults.
 25434 | D:13     | Received a gift from Trog
 26013 | D:14     | Noticed Samm's ghost (journeyman MiMo)
 26014 | D:14     | Found a runed translucent door.
 26015 | D:14     | Noticed Agnes
 26033 | D:14     | Killed Agnes
 26317 | D:14     | Reached skill level 5 in Evocations
 26377 | D:14     | Reached skill level 15 in Fighting
 27307 | D:14     | Killed Samm's ghost
 27412 | D:15     | Entered Level 15 of the Dungeon
 27559 | D:15     | Noticed Kirke
 27671 | D:14     | Killed Kirke
 27980 | D:15     | Found a staircase to the Depths.
 27991 | D:15     | Received a gift from Trog
 28497 | D:15     | Found a portal to a secret trove of treasure.
 28960 | Shoals:1 | Entered Level 1 of the Shoals
 28960 | Shoals:1 | Noticed Donald
 28979 | Lair:3   | Killed Donald
 29353 | Shoals:1 | Upgraded the game from 0.31-a0-1606-g60c5cc7444 to
                  | 0.31-a0-1612-g4aaf141004
 29648 | Shoals:1 | Gained mutation: When low on magic, you restore magic in
                  | place of health. [demonic ancestry]
 29648 | Shoals:1 | Reached XP level 16. HP: 136/136 MP: 5/16
 29768 | Shoals:1 | Identified the ring of the Scavenger {rPois Str+4}
 30612 | Shoals:2 | Received a gift from Trog
 31955 | Shoals:3 | Noticed Polyphemus
 31968 | Shoals:3 | Reached skill level 16 in Fighting
 31982 | Shoals:3 | Killed Polyphemus
 33111 | Shoals:4 | Entered Level 4 of the Shoals
 33332 | Shoals:4 | Received a gift from Trog
 33333 | Shoals:4 | Reached skill level 10 in Dodging
 34176 | Shoals:4 | Noticed Bai Suzhen
 34212 | Shoals:4 | Killed Bai Suzhen
 34463 | Shoals:4 | Identified the staff "Etuyph" {*Slow rF+ rN++ Fire Air}
 34501 | Shoals:4 | Reached XP level 17. HP: 138/146 MP: 5/17
 34992 | Shoals:4 | Got a barnacled rune of Zot
 35248 | Shoals:4 | Found Ifov's Antique Weapon Boutique.
 35348 | Shoals:4 | Bought a polished trident for 365 gold pieces
 35348 | Shoals:4 | Identified the +6 trident of the Hungering Priest {drain,
                  | Str+3 Int+5} (You bought it in a shop on level 4 of the
                  | Shoals)
 35480 | Shoals:4 | Noticed a kraken
 35523 | Shoals:4 | Received a gift from Trog
 36052 | Spider:1 | Entered Level 1 of the Spider Nest
 36344 | Spider:1 | Noticed Asterion
 36593 | Spider:1 | Killed Asterion
 36912 | Spider:1 | Reached skill level 10 in Evocations
 36916 | Spider:1 | Reached skill level 17 in Fighting
 37617 | Spider:2 | Noticed Roxanne
 37635 | Spider:2 | Killed Roxanne
 37707 | Spider:2 | Noticed Frances
 37714 | Abyss:3  | Cast into level 3 of the Abyss (Frances)
 37766 | Abyss:3  | Found a corrupted altar of Lugonu.
 37793 | Abyss:3  | Found a corrupted altar of Lugonu.
 37803 | Abyss:3  | Noticed a lich
 37823 | Abyss:3  | Noticed a bone dragon
 37836 | Abyss:3  | Noticed a kraken
 37836 | Abyss:3  | Noticed a tentacled monstrosity
 37837 | Abyss:3  | Got an abyssal rune of Zot
 37838 | Abyss:3  | Noticed a tentacled monstrosity
 37886 | Abyss:3  | Noticed a profane servitor
 37888 | Abyss:3  | Found a corrupted altar of Lugonu.
 37902 | Abyss:3  | Killed a profane servitor
 37924 | Abyss:3  | Paralysed by accursed screaming for 1 turns
 37926 | Abyss:3  | Paralysed by accursed screaming for 1 turns
 37933 | Abyss:3  | Paralysed by accursed screaming for 2 turns
 37939 | Spider:2 | Escaped the Abyss
 37939 | Spider:2 | Identified the serpent talisman of the Valley {rF- Str+2
                  | Int+5 Stlth-}
 37939 | Spider:2 | Noticed Aizul
 38224 | Spider:1 | Killed Aizul
 38518 | Spider:2 | Killed Frances
 40271 | Spider:3 | Received a gift from Trog
 40972 | Spider:3 | Gained mutation: Your presence sometimes corrodes or
                  | deforms those you injure. [demonic ancestry]
 40972 | Spider:3 | Reached XP level 18. HP: 156/156 MP: 6/18
 41512 | Spider:4 | Entered Level 4 of the Spider Nest
 41613 | Spider:4 | Noticed Arachne
 41635 | Spider:4 | Killed Arachne
 41775 | Spider:4 | Reached skill level 18 in Fighting
 42888 | Spider:4 | Received a gift from Trog
 43643 | Spider:4 | Reached skill level 15 in Shields
 43746 | Spider:4 | Got a gossamer rune of Zot
 43761 | Spider:4 | Identified the +0 hat "Siod" {rPois Dex+3}
 44228 | Vaults:1 | Entered Level 1 of the Vaults
 44471 | Vaults:1 | Reached skill level 1 in Throwing
 44736 | Vaults:1 | Noticed a tentacled monstrosity
 45052 | Vaults:1 | Killed a tentacled monstrosity
 45288 | Vaults:1 | Received a gift from Trog
 45915 | Vaults:1 | Gained mutation: You sometimes emit foul miasma when
                  | damaged in melee. [demonic ancestry]
 45915 | Vaults:1 | Reached XP level 19. HP: 165/165 MP: 6/19
 46163 | Vaults:1 | Reached skill level 19 in Fighting
 46177 | Vaults:1 | Identified the +5 hand axe "Catwiph" {flame, rCorr Str+5
                  | Int-5} (Trog gifted it to you on level 1 of the Vaults)
 46177 | Vaults:1 | Received a gift from Trog
 46537 | Vaults:1 | Found a runed translucent gate.
 46537 | Vaults:1 | Found a runed translucent gate.
 46537 | Vaults:1 | Found a runed translucent gate.
 46597 | Vaults:1 | Reached skill level 5 in Throwing
 46636 | Vaults:1 | Found a runed translucent gate.
 46636 | Vaults:1 | Found a runed translucent gate.
 46642 | Vaults:1 | Found a runed translucent gate.
 46642 | Vaults:1 | Noticed Yjimoseergh's ghost (adept SpFE)
 47333 | Vaults:1 | Gained mutation: You are dopey. (Int -2) [a shining eye]
 47338 | Vaults:1 | Received a gift from Trog
 47339 | Vaults:1 | Lost mutation: You are dopey. (Int -2) [potion of mutation]
 47339 | Vaults:1 | Lost mutation: You have large cloven feet. [potion of
                  | mutation]
 47339 | Vaults:1 | Lost mutation: You expend magic power (3 MP) to strengthen
                  | your wands. [potion of mutation]
 47339 | Vaults:1 | Gained mutation: You are clumsy. (Dex -2) [potion of
                  | mutation]
 47339 | Vaults:1 | Gained mutation: You have sharp toenails. [potion of
                  | mutation]
 47829 | Vaults:1 | Identified the +0 pair of boots "Voxeddeitt" {rF+ Will+}
 48892 | Orc:2    | Bought a scroll of teleportation for 51 gold pieces
 48892 | Orc:2    | Bought a scroll of enchant armour for 127 gold pieces
 48892 | Orc:2    | Bought a scroll of revelation for 127 gold pieces
 48895 | Orc:2    | Bought a scroll of enchant weapon for 210 gold pieces
 48897 | Orc:2    | Bought a pair of runed gloves for 202 gold pieces
 49201 | Vaults:2 | Received a gift from Trog
 49366 | Vaults:2 | Killed from afar by a laughing skull

Illustrated notes

Levels and vault maps discovered:
D:1:      minmay_arrival_stone_box, layout_loops_cross,
          ebering_ecumenical_altar_hall
D:2:      minmay_wonky_spiral, layout_basic, serial_shops,
          nicolae_shop_window_shopping, st_stairs_9, kennysheep_cluttered_room,
          kennysheep_flooded_box, reono_crystal_passage,
          nicolae_figureground_pulse
D:3:      layout_basic, ashenzari_conservatory_becter, lemuel_round_altar,
          nicolae_overflow_crystal_walls, kiku_gazebo_garden_becter,
          dreamdust_wishing_well, uniq_sigmund
D:4:      layout_rooms, nzn_wu_jian_contemplation
D:5:      due_chaos_kobolds, layout_loops_ring, gammafunk_temple_overflow_pools,
          minmay_misc_feat_five
D:6:      layout_cave_pools, hellmonk_okawaru_the_only_friend_you_need,
          lemuel_crystal_altar, minmay_shop_grid_forest, uniq_menkaure,
          uniq_crazy_yiuf_cottage
D:7:      layout_rooms, minmay_temple_entry_junction_2, uniq_prince_ribbit1,
          uniq_maurice, uniq_joseph
D:8:      layout_loops_ring, lemuel_tele_altar
D:9:      layout_rooms, serial_shops, shop, sword_in_stone
D:10:     layout_small_grid, led_sif_book, erik_orc_1, serial_shops, shop,
          minmay_crystal_room
D:11:     layout_layer_cave, uniq_psyche
D:12:     layout_long_grid, uniq_lodul, uniq_snorg, uniq_fannar, uniq_josephine,
          uniq_jorgrun
D:13:     layout_small_grid, grunt_vaults_entry_tiered, gammafunk_ghost_arena,
          serial_demonic, serial_demonic_e, serial_demonic_g, serial_demonic_d,
          serial_demonic_b
D:14:     layout_loops_ring, minivault_27, hellmonk_ghost_happy_afterlife,
          minmay_liquid_box, uniq_agnes
D:15:     hangedman_depths_entry_civil_slaughter, layout_small_grid,
          chequers_big_river, enter_trove_5, minmay_sticks_and_stones,
          uniq_kirke
Temple:   grunt_temple_mini_profane
Lair:1:   layout_long_grid, minmay_lair_oklob_bushes, minmay_hedge_maze,
          uniq_maggie
Lair:2:   layout_cellular_growth
Lair:3:   layout_gridlike, shoals_dummy_entry, spider_nest_entry_a
Lair:4:   layout_cave_pods, slime_entry_2, beast_lair_carwin_9,
          serial_bayou_shore_a, lemuel_fruit_fields
Lair:5:   gammafunk_lair_ancient_temple, layout_regular_city
Shoals:1: layout_shoals, uniq_donald
Shoals:2: layout_shoals
Shoals:3: layout_shoals, uniq_polyphemus
Shoals:4: shoals_end_grunt_garden, layout_shoals, serial_shops,
          nicolae_shop_tiny_real_fake_doors, nicolae_shoals_goliath_grotto,
          uniq_bai_suzhen
Spider:1: layout_spider_delve, uniq_asterion
Spider:2: layout_spider_delve, hangedman_spider_tarantella_strand, uniq_aizul,
          uniq_frances, uniq_roxanne
Spider:3: layout_spider_delve
Spider:4: grunt_spider_rune_parallel, spiders_nest_spider_trap, uniq_arachne
Orc:1:    layout_diamond_mine
Orc:2:    st_orc_rangers, layout_caves, roderic_batcave, uniq_sonja
Vaults:1: ploomutoo_gammafunk_ghost_potion_laboratory,
          nicolae_vaults_network_square, vaults_dpeg_spiral,
          hangedman_vaults_hat, nicolae_vaults_cornered_office,
          nicolae_vaults_house_1, vaults_room_pools, v_misc_30,
          nicolae_vaults_surprise_closet, nicolae_vaults_sesquioval_fish,
          layout_vaults_chaotic_city
Vaults:2: minmay_crypt_entry_simple_walls, nicolae_vaults_big_ls,
          nicolae_vaults_mini_display_case, dpeg_vaults_monster_row,
          serial_ice_g, nicolae_vaults_closet_pinwheel_1,
          hangedman_vaults_restitches, grunt_vaults_swirl,
          nicolae_vaults_trapezoid_2, nicolae_vaults_branching_niches,
          vaults_dpeg_ring, nicolae_vaults_circle_grid_b,
          ontoclasm_vaults_twist, layout_vaults_maze_snakey

Skill      XL: |  1  2  3  4  5  6  7  8  9 10 11 12 13 14 15 16 17 18 19 |
---------------+----------------------------------------------------------+-----
Polearms       | 3 4 5 6 8 9 11 12 14 | 14.0
Armour         | 1 2 3 4 6 7 8 9 10 11 12 13 | 13.6
Fighting       | 4 5 6 7 9 10 11 13 14 15 16 17 18 19 | 19.4
Shields        | 3 5 7 9 10 12 13 14 15 16 | 16.2
Dodging        | 3 7 8 10 11 | 11.4
Evocations     | 3 7 9 10 | 10.0
Throwing       | 3 6 |  6.2

Action                     |  1- 3 |  4- 6 |  7- 9 | 10-12 | 13-15 | 16-18 | 19-21 || total
---------------------------+-------+-------+-------+-------+-------+-------+-------++-------
  Melee: Short sword       |   102 |   127 |   246 |       |       |       |       ||   475
         Spear             |    12 |       |       |       |       |       |       ||    12
         Dagger            |       |    54 |       |       |       |       |       ||    54
         Tailslap          |       |    21 |    72 |   176 |   350 |   462 |   138 ||  1219
         Punch             |       |     1 |     4 |       |       |       |       ||     5
         Trident           |       |       |   203 |  1007 |   995 |       |       ||  2205
         Demon trident     |       |       |       |       |  1050 |  2700 |   654 ||  4404
   Fire: Sling             |     8 |     4 |       |     7 |       |       |       ||    19
  Throw: Dart              |       |       |       |       |       |     1 |       ||     1
 Invoke: Berserk           |       |       |     3 |     3 |     8 |    17 |     3 ||    34
         Trog's Hand       |       |       |     2 |     3 |    16 |    21 |     5 ||    47
         Brothers in Arms  |       |       |       |       |     1 |     1 |     3 ||     5
  Evoke: Phial of floods   |       |       |       |       |       |     1 |       ||     1
    Use: Potion            |       |     3 |       |     1 |       |     6 |     2 ||    12
         Scroll            |       |     6 |     3 |     9 |     8 |    16 |     4 ||    46
   Stab: Petrified         |       |       |       |     2 |       |       |       ||     2
         Petrifying        |       |       |       |     1 |       |       |       ||     1
 Armour: Ring mail         |    28 |       |       |       |       |       |       ||    28
         Robe              |     2 |       |       |       |       |       |       ||     2
         Leather armour    |     2 |       |       |       |       |       |       ||     2
         Scale mail        |    10 |    83 |       |       |       |       |       ||    93
         Chain mail        |       |    67 |   343 |       |       |       |       ||   410
         Plate armour      |       |       |    75 |   786 |  1272 |  1969 |   280 ||  4382
  Dodge: Dodged            |    49 |    57 |   164 |   151 |   401 |   921 |   149 ||  1892
  Block: Kite shield       |       |       |    10 |   408 |   954 |  1557 |   255 ||  3184
         Reflection        |       |       |       |       |     6 |    66 |     8 ||    80

Table legend: (Time is in decaauts)
 A = Elapsed time spent in this place.
 B = Non-inter-level travel time spent in this place.
 C = Inter-level travel time spent in this place.
 D = Time resting spent in this place.
 E = Time spent auto-exploring this place.
 F = Levels seen in this place.
 G = Mean time per level.
                   A        B        C        D        E       F      G
               +--------+--------+--------+--------+--------+-----+--------+
         Total |  48264 |  45328 |   2936 |   8627 |  25419 |  34 | 1419.5 |
       Dungeon |  19552 |  17935 |   1617 |   2575 |  11172 |  15 | 1303.5 |
        Temple |     26 |     18 |      8 |      0 |      0 |   1 |   26.0 |
          Lair |   7809 |   7420 |    389 |    331 |   5323 |   5 | 1561.8 |
        Shoals |   6794 |   6574 |    220 |   1956 |   2926 |   4 | 1698.5 |
   Spider Nest |   7253 |   7091 |    162 |   2343 |   3071 |   4 | 1813.2 |
  Orcish Mines |   2244 |   1776 |    468 |    114 |   1089 |   2 | 1122.0 |
        Vaults |   4363 |   4292 |     71 |   1305 |   1836 |   2 | 2181.5 |
         Abyss |    219 |    219 |      0 |      0 |      0 |   1 |  219.0 |
               +--------+--------+--------+--------+--------+-----+--------+

Top non-repeatable levels by time:
Vaults:1: 3471 daAuts
Shoals:4: 2198 daAuts
Shoals:3: 2122 daAuts
Spider:4: 2014 daAuts
Spider:2: 1916 daAuts
  Lair:5: 1888 daAuts
  Lair:3: 1813 daAuts
    D:11: 1766 daAuts
    D:13: 1728 daAuts
    D:12: 1709 daAuts
Spider:1: 1686 daAuts
    D:10: 1650 daAuts
Spider:3: 1636 daAuts
  Lair:4: 1627 daAuts
     D:8: 1559 daAuts
